 Dungeon Crawl Stone Soup version 0.27-a0-909-g0721f309d1 (webtiles) character file.

Game seed: 14463965205336650340

83 kae the Insei (level 4, 0/34 HPs)
             Began as a Demonspawn Gladiator on Apr 8, 2021.
             Slain by a gnoll
             ... wielding a +1 vorpal halberd
              (3 damage)
             ... on level 2 of the Dungeon.
             The game lasted 00:01:12 (2276 turns).

kae the Insei (Demonspawn Gladiator)                Turns: 2276, Time: 00:01:12

Health: 0/34       AC:  7    Str: 15    XL:     4   Next: 22%
Magic:  4/4        EV: 11    Int:  9    God:
Gold:   53         SH:  0    Dex: 15    Spells: 3/3 levels left

rFire    . . .     SeeInvis .     - Unarmed
rCold    . . .     Faith    .   (no shield)
rNeg     . . .     Spirit   .   g - +0 ring mail
rPois    .         Reflect  .   b - +0 helmet
rElec    .         Harm     .   f - +0 cloak
rCorr    .         Rampage  .   (no gloves)
Will     .....                  (no boots)
Stlth    +.........             (no amulet)
HPRegen  0.11/turn              (no ring)
MPRegen  0.09/turn              (no ring)

@: no status effects
A: claws 1
a: no special abilities


You were on level 2 of the Dungeon.
You visited 1 branch of the dungeon, and saw 3 of its levels.

You collected 53 gold pieces.

Inventory:

Missiles
 c - 3 throwing nets (quivered)
Armour
 a - a +0 leather armour
 b - a +0 helmet (worn)
 f - a +0 cloak (worn)
 g - a +0 ring mail (worn)
Scrolls
 e - 2 scrolls of identify
 h - a scroll of fear


   Skills:
 + Level 2.7 Fighting
 - Level 1.7 Throwing
 + Level 3.3 Dodging
 * Level 3.8 Unarmed Combat


You had 3 spell levels left.
You didn't know any spells.
Your spell library was empty.

Dungeon Overview and Level Annotations

Branches:
Dungeon (3/15)

Altars:
Dithmenos


Innate Abilities, Weirdness & Mutations

You have sharp fingernails.


Message History

You scratch the gnoll. You claw the gnoll.
You kill the gnoll!
You have reached level 4!
You feel agile.
You start resting.
HP restored.
You climb downwards.
The gnoll closely misses you.
There is a stone staircase leading up here.
The gnoll hits you from afar with a +1 vorpal halberd!
The gnoll closely misses you.
You climb upwards.
There is a stone staircase leading down here.
You start resting.
HP restored.
You climb downwards.
The gnoll hits you but does no damage.
There is a stone staircase leading up, spattered with blood here.
The gnoll hits you but does no damage.
You climb upwards.
There is a stone staircase leading down here.
You claw the gnoll!
The gnoll is severely wounded.
The gnoll barely misses you.
You scratch the gnoll.
You kill the gnoll!
No target in view!
No target in view!
No target in view!
No target in view!
You start waiting.
Done waiting.
You climb downwards.
There is a stone staircase leading up, spattered with blood here.
The gnoll hits you from afar with a +1 vorpal halberd.
The gnoll hits you with a +1 vorpal halberd!
You are too injured to fight recklessly!
You are too injured to fight recklessly!
You are too injured to fight recklessly!
The gnoll hits you from afar with a +1 vorpal halberd!
* * * LOW HITPOINT WARNING * * *
You die...

####.............<..#
#....#........$.....
####.##.#.##...........
.....##...# #....#....
######..#g# ###.#...
####....#.## #...#
#....#.##..# #..# ##
..####†###.#####.<####...
.## #..........@##....
### #.........#.#..# ..#
#.........g...## #.#
#..........##..# #.#
#.###.########.## #.# #.#
#.###.# #..# #.#
#.####.##..# ##.# #.#
#.##....†.## #.# #.#
.......>.## #.# #.#


You could see a gnoll.

Vanquished Creatures
  2 gnolls (D:1)
  3 adders (D:2)
  3 dart slugs (D:1)
  4 endoplasms
  A giant cockroach (D:1)
  4 goblins
  A hobgoblin (D:1)
  A jackal (D:2)
  A kobold (D:1)
  A quokka (D:1)
  A ball python (D:2)
  5 bats
  A frilled lizard (D:1)
  3 rats
31 creatures vanquished.

Notes
Turn   | Place    | Note
-------+----------+-------------------------------------------
     0 | D:1      | kae the Demonspawn Gladiator began the quest for the Orb.
     0 | D:1      | Reached XP level 1. HP: 16/16 MP: 1/1
   113 | D:1      | Gained mutation: You have sharp fingernails. [demonic
                  | ancestry]
   113 | D:1      | Reached XP level 2. HP: 14/22 MP: 2/2
  1214 | D:2      | Reached XP level 3. HP: 13/28 MP: 3/3
  1483 | D:2      | Found a shadowy altar of Dithmenos.
  1862 | D:1      | Reached XP level 4. HP: 12/34 MP: 4/4
  2276 | D:2      | Slain by a gnoll

Illustrated notes

Levels and vault maps discovered:
D:1:      minmay_arrival_shoal_huts, layout_loops_ring,
          chequers_serial_rivers_large_b
D:2:      layout_rooms, basic_altar
D:3:      layout_loops_ring, uniq_natasha

Skill      XL: |  1  2 |
---------------+-------+-----
Unarmed Combat | 3 |  3.8
Dodging        | 3 |  3.3
Fighting       | |  2.7
Throwing       | |  1.7

Action                   |  1- 3 |  4- 6 || total
-------------------------+-------+-------++-------
Melee: Unarmed           |   106 |     2 ||   108
       Punch             |     3 |       ||     3
  Use: Scroll            |     1 |       ||     1
       Potion            |     1 |       ||     1
 Stab: Sleeping          |     1 |       ||     1
Armor: Leather armour    |    10 |       ||    10
       Ring mail         |    30 |     2 ||    32
Dodge: Dodged            |    60 |     3 ||    63

Table legend: (Time is in decaauts)
 A = Elapsed time spent in this place.
 B = Non-inter-level travel time spent in this place.
 C = Inter-level travel time spent in this place.
 D = Time resting spent in this place.
 E = Time spent auto-exploring this place.
 F = Levels seen in this place.
 G = Mean time per level.
                   A        B        C        D        E       F      G
               +--------+--------+--------+--------+--------+-----+--------+
         Total |   2301 |   2273 |     28 |    664 |   1330 |   3 |  767.0 |
       Dungeon |   2301 |   2273 |     28 |    664 |   1330 |   3 |  767.0 |
               +--------+--------+--------+--------+--------+-----+--------+

Top non-repeatable levels by time:
     D:1: 1632 daAuts
     D:2: 409 daAuts
     D:3: 259 daAuts
